 Dungeon Crawl Stone Soup version 0.29-a0-664-gff9cad4a3d (webtiles) character file.

Game seed: 7194003791250715820

65 Newt the Skirmisher (level 3, 0/30 HPs)
             Began as a Demonspawn Abyssal Knight on June 22, 2022.
             Was a Believer of Lugonu.
             Killed from afar by Robin (8 damage)
             ... with a puff of flame
             ... on level 2 of the Dungeon.
             The game lasted 00:04:21 (1119 turns).

Newt the Skirmisher (Demonspawn Abyssal Knight)     Turns: 1119, Time: 00:04:22

Health: 0/30       AC:  8    Str: 15    XL:     3   Next: 94%
Magic:  3/5        EV:  6    Int: 11    God:    Lugonu [**....]
Gold:   66         SH:  0    Dex: 13    Spells: 2/2 levels left

rFire   . . .      SeeInvis .   a - +1 spear
rCold   . . .      Faith    .   (no shield)
rNeg    . . .      Spirit   .   j - +0 chain mail
rPois   .          Reflect  .   (no helmet)
rElec   .          Harm     .   (no cloak)
rCorr   .          Rampage  .   (no gloves)
Will    .....                   (no boots)
Stlth   ..........              (no amulet)
HPRegen 0.10/turn               g - ring of wizardry
MPRegen 0.09/turn               (no ring)

@: very slow
A: powered by death 1
a: Renounce Religion, Depart the Abyss, Bend Space


You were on level 2 of the Dungeon.
You worshipped Lugonu.
Lugonu was pleased with you.
You visited 1 branch of the dungeon, and saw 2 of its levels.
You visited the Abyss 1 time.

You collected 66 gold pieces.

Inventory:

Hand Weapons
 a - a +1 spear (weapon)
Armour
 b - a +0 leather armour
 e - an orb of energy
 j - a +0 chain mail (worn)
Jewellery
 g - a ring of wizardry (left hand)
Scrolls
 c - a scroll of teleportation {unknown}
 k - a scroll of immolation {unknown}
Potions
 d - a potion of degeneration {unknown}
 f - a potion of haste {unknown}
 h - 2 potions of mutation {unknown}
 i - a potion of flight {unknown}


   Skills:
 + Level 4.0 Fighting
 + Level 2.4 Polearms
 + Level 2.2 Armour
 - Level 0.8 Dodging
 + Level 2.9 Invocations


You had 2 spell levels left.
You didn't know any spells.
Your spell library was empty.

Dungeon Overview and Level Annotations

Branches:
Dungeon (2/15)

Altars:

Annotations:
D:2 Robin


Innate Abilities, Weirdness & Mutations

You regenerate a little health from kills.


Message History

You are too injured to fight recklessly!
You are too injured to fight recklessly!
You hit the goblin.
The goblin is severely wounded.
The goblin hits you but does no damage.
You barely miss the goblin. You punch the goblin, but do no damage.
The goblin is severely wounded.
The goblin hits you but does no damage.
You closely miss the goblin.
The goblin is severely wounded.
The goblin hits you but does no damage.
You hit the goblin.
You kill the goblin!
Lugonu accepts your kill.
You hit the goblin.
You kill the goblin!
Lugonu accepts your kill. Robin throws the goblin at you!
The goblin hits you but does no damage.
You closely miss the goblin. The goblin hits you but does no damage.
The goblin barely misses you.
You barely miss the goblin. The goblin hits you but does no damage.
The goblin barely misses you.
You hit the goblin but do no damage.
The goblin no longer looks unusually strong.
The goblin hits you but does no damage. x2; Robin throws the goblin at you!
Okay, then.
Space bends violently around you!
You blink.
The goblin no longer looks unusually strong.
Robin throws the goblin at you!
You hit the goblin but do no damage. The goblin hits you with a +0 dagger.
Robin roars a battlecry!
The goblin goes into a battle-frenzy!
Space bends violently around you!
You blink.
Splash!
You fall into the shallow water.
Moving in this stuff is going to be slow.
The goblin hits you with a +0 club.
* * * LOW HITPOINT WARNING * * *
Robin zaps a wand.
The puff of flame hits you!
You die...

#....#.#.........#
#.##.#.#.........#
#.##.#.#...÷.....###
#...................
####.#.#.........## ##
#.#.#.........# #.
#.#.......######## #.
#.####..#........# #.
#.#...g@#........# #.
#.#g#.§≈#........######.
#.#)#.§8#........##...#.
###.#g#.≈≈#...............
#.....#..≈#........##...##
#....)gg..####.....##...#
#.....§..## #.....##...#
#.....#.## ########...#
#.....#(# #...#


You could see Robin and 3 goblins.

Vanquished Creatures
  Natasha (D:2)
  A worm (D:2)
  2 bats (D:1)
  2 endoplasms
  2 giant cockroaches (D:1)
  6 goblins
  2 hobgoblins (D:1)
  6 quokkas
  3 ball pythons
  4 frilled lizards
  3 kobolds (D:1)
  A rat (D:1)
33 creatures vanquished.

Notes
Turn   | Place    | Note
-------+----------+-------------------------------------------
     0 | Abyss:1  | Newt the Demonspawn Abyssal Knight began the quest for the
                  | Orb.
     0 | Abyss:1  | Reached XP level 1. HP: 18/18 MP: 2/2
     0 | D:1      | Escaped the Abyss
    33 | D:1      | Reached ** piety under Lugonu
    44 | D:1      | Gained mutation: You regenerate a little health from kills.
                  | [demonic ancestry]
    44 | D:1      | Reached XP level 2. HP: 24/24 MP: 3/3
   625 | D:2      | Found a faded altar of an unknown god.
   652 | D:2      | Reached XP level 3. HP: 26/30 MP: 5/5
   861 | D:2      | Noticed Natasha
   869 | D:2      | Killed Natasha
   870 | D:2      | Reached skill level 4 in Fighting
  1099 | D:2      | Identified the +3 ring mail of Waplih {rElec rF+ rCorr}
  1101 | D:2      | Noticed Robin
  1119 | D:2      | Killed from afar by Robin

Illustrated notes

Levels and vault maps discovered:
D:1:      minmay_arrival_up_and_down, layout_basic
D:2:      cheibrodos_greedy_goblins, layout_basic, nicolae_ecumenical_pavilion,
          moated_statue, uniq_natasha, uniq_terence, uniq_robin

Skill      XL: |  1  2  3 |
---------------+----------+-----
Polearms       | 2 |  2.4
Armour         | 2 |  2.2
Fighting       | 4 |  4.0
Dodging        | |  0.8
Invocations    | |  2.9

Action                   || total
-------------------------++-------
Melee: Spear             ||   116
       Punch             ||     1
Invok: Depart the Abyss  ||     1
       Bend Space        ||     2
 Stab: Sleeping          ||     1
Armor: Leather armour    ||     7
       Chain mail        ||    15
Dodge: Dodged            ||    44

Table legend: (Time is in decaauts)
 A = Elapsed time spent in this place.
 B = Non-inter-level travel time spent in this place.
 C = Inter-level travel time spent in this place.
 D = Time resting spent in this place.
 E = Time spent auto-exploring this place.
 F = Levels seen in this place.
 G = Mean time per level.
                   A        B        C        D        E       F      G
               +--------+--------+--------+--------+--------+-----+--------+
         Total |   1117 |   1117 |      0 |    460 |    137 |   3 |  372.3 |
       Dungeon |   1117 |   1117 |      0 |    460 |    137 |   2 |  558.5 |
         Abyss |      0 |      0 |      0 |      0 |      0 |   1 |    0.0 |
               +--------+--------+--------+--------+--------+-----+--------+

Top non-repeatable levels by time:
     D:1: 624 daAuts
     D:2: 493 daAuts
